 Dungeon Crawl Stone Soup version 0.29.0-4-gdea44cf6ec (webtiles) character file.

Game seed: 8478451165407652547

11 qw the Sneak (level 2, -1/19 HPs)
             Began as a Gargoyle Delver on Sept 10, 2022.
             Slain by a gnoll
             ... wielding a +0 flail
              (5 damage)
             ... on level 4 of the Dungeon.
             The game lasted 00:00:03 (109 turns).

qw the Sneak (Gargoyle Delver)                       Turns: 109, Time: 00:00:04

Health: -1/19      AC:  5    Str: 15    XL:     2   Next: 25%
Magic:  2/2        EV: 11    Int: 10    God:
Gold:   0          SH:  0    Dex: 11    Spells: 1/1 levels left

rFire   . . .      SeeInvis .   Y - +0 hand axe
rCold   . . .      Faith    .   (no shield)
rNeg    + . .      Spirit   .   b - +0 leather armour
rPois   inf        Reflect  .   (no helmet)
rElec   +          Harm     .   (no cloak)
rCorr   .          Rampage  .   (no gloves)
Will    .....                   (no boots)
Stlth   +++.......              (no amulet)
HPRegen 0.06/turn               (no ring)
MPRegen 0.08/turn               (no ring)

@: no status effects
A: sickness immunity, AC +2, negative energy resistance 1, electricity
resistance, torment resistance 1, petrification resistance
a: no special abilities


You were on level 4 of the Dungeon.
You visited 1 branch of the dungeon, and saw 2 of its levels.


Innate Abilities, Weirdness & Mutations

You are immune to sickness and miasma.
Your stone body is resilient. (AC +2)
You are immune to poison.
You resist negative energy. (rN+)
You are resistant to electric shocks. (rElec)
You are resistant to unholy torment.
You are immune to petrification.


   Skills:
 - Level 3.2 Fighting
 + Level 2.6 Axes
 - Level 1.5 Dodging
 - Level 5.4 Stealth


You had one spell level left.
You didn't know any spells.
Your spell library was empty.

Inventory:

Hand Weapons
 Y - a +0 hand axe (weapon)
Armour
 b - a +0 leather armour (worn)
Wands
 g - a wand of digging (3)
Potions
 f - a potion of haste

Dungeon Overview and Level Annotations

Branches:
Dungeon (5/15)
 Temple: D:4-7

Altars:
Nemelex Xobeh


Message History

The gnoll is heavily wounded.
A scorpion comes into view.
The gnoll hits you with a +0 flail!
Ouch! That really hurt!
You barely miss the gnoll.
The gnoll is heavily wounded.
A gnoll comes into view. It is wielding a +0 flail.
The gnoll hits you but does no damage.
The gnoll shouts!
You hit the gnoll but do no damage.
The gnoll is moderately wounded.
You hear a shout!
You hear an angry hiss.
You hear an angry growl.
The gnoll barely misses you.
You hit the gnoll but do no damage.
The gnoll is moderately wounded.
A gnoll comes into view. It is wielding a +0 short sword.
The gnoll closely misses you. The gnoll completely misses you.
You barely miss the gnoll.
The gnoll is moderately wounded.
The gnoll barely misses you.
You hit the gnoll but do no damage.
The gnoll is moderately wounded.
The gnoll hits you with a +0 flail. The scorpion barely misses you.
You hit the gnoll.
The gnoll is heavily wounded.
You hit the scorpion but do no damage.
The scorpion stings you but does no damage.
You hit the gnoll.
You kill the gnoll!
You hit the scorpion. The scorpion barely misses you. The scorpion stings you.
Your Axes skill increases to level 2!
You have reached level 2!
You hit the scorpion but do no damage. You hit the gnoll.
The scorpion barely misses you. The gnoll barely misses you.
You slash the gnoll!
The gnoll is severely wounded.
You hit the gnoll. You hit the scorpion but do no damage.
The scorpion barely misses you. The gnoll closely misses you.
The gnoll hits you with a +0 flail.
You die...

o.........#
.........#
........# .......#
......# .....#
#######'''#######
########gs.#######
##.....#@g.#.....#
##..¤¤.#.#.#..0..#
##.0...#...#..0..#
##.¤.¤.#...#.....#
##.....#...#.....#
########...#######
#......._.......#
########...#######
###...##...###.###


You could see a scorpion and 2 gnolls.

Vanquished Creatures
  A gnoll (D:4)
  A hobgoblin (D:4)
2 creatures vanquished.

Notes
Turn   | Place    | Note
-------+----------+-------------------------------------------
     0 | D:5      | qw the Gargoyle Delver began the quest for the Orb.
     0 | D:5      | Reached XP level 1. HP: 14/14 MP: 1/1
     0 | D:5      | 0 ||| qw: Version: 0.1-a-116-g5d60599
     0 | D:5      | 0 ||| qw: Game counter: 8630
     0 | D:5      | 0 ||| qw: Always use a shield: true
     0 | D:5      | 0 ||| qw: God list: Okawaru
     0 | D:5      | 0 ||| qw: Allow faded altars: false
     0 | D:5      | 0 ||| qw: Do Orc after D:15 true
     0 | D:5      | 0 ||| qw: Do second Lair branch before Depths: true
     0 | D:5      | 0 ||| qw: Lair rune preference: random
     0 | D:5      | 0 ||| qw: Plans: Normal
     0 | D:5      | 0 ||| PLANNING D:1-11
    51 | D:5      | 51 ||| READING scroll labelled TEAFIN GINEIN.
    52 | D:5      | 52 ||| DROPPING scroll of fog.
    53 | D:5      | 53 ||| DROPPING scroll of magic mapping.
    54 | D:5      | 54 ||| DROPPING scroll of fear.
    65 | D:4      | Found a sparkling altar of Nemelex Xobeh.
    90 | D:4      | 90 ||| Stepping ~*~*~tactically~*~*~ (stealth).
   100 | D:4      | Noticed a scorpion
   107 | D:4      | HP: 3/14 [scorpion (2)]
   108 | D:4      | Reached XP level 2. HP: 4/19 MP: 2/2
   109 | D:4      | Slain by a gnoll

Levels and vault maps discovered:
D:4:      layout_basic, nemelex_altar_shiori, minmay_temple_entry_tees,
          minmay_checkerbox
D:5:      layout_layer_cave, tso_metal_star, ashenzari_altar_1, serial_shops,
          nicolae_shop_crystal

Skill      XL: |  1 |
---------------+----+-----
Axes           | 2 |  2.6
Fighting       | |  3.2
Dodging        | |  1.5
Stealth        | |  5.4

Action                   || total
-------------------------++-------
Melee: Hand axe          ||    15
  Use: Scroll            ||     1
Armor: Leather armour    ||     3
Dodge: Dodged            ||    14

Table legend:
 A = Non-vault XP
 B = Vault XP
 C = Vault XP percentage of total XP
 D = Non-vault monster count
 E = Vault monster count
 F = Vault count percentage of total count
                 A         B        C        D         E       F
            +---------+---------+-------+---------+---------+-------
      Total |      16 |       0 |   0.0 |       2 |       0 |   0.0
            +---------+---------+-------+---------+---------+-------
        D:4 |      16 |       0 |   0.0 |       2 |       0 |   0.0
            +---------+---------+-------+---------+---------+-------
